 Dungeon Crawl Stone Soup version 0.30-a0-116-g3b1a8e4ee4 (webtiles) character file.

Game seed: 6217094064576101275

24 frimble the Vexing (level 2, -2/21 HPs)
             Began as a Demonspawn Hexslinger on Sept 13, 2022.
             Slain by a worm (3 damage)
             ... on level 2 of the Dungeon.
             The game lasted 00:00:50 (968 turns).

frimble the Vexing (Demonspawn Hexslinger)           Turns: 968, Time: 00:00:50

Health: -2/21      AC:  6    Str: 10    XL:     2   Next: 79%
Magic:  4/4        EV: 12    Int: 14    God:
Gold:   58         SH:  4    Dex: 13    Spells: 2/3 levels left

rFire   . . .      SeeInvis .    a - +1 sling
rCold   . . .      Faith    .    (no shield)
rNeg    . . .      Spirit   .    c - +0 robe
rPois   .          Reflect  .    (no helmet)
rElec   .          Harm     .    (no cloak)
rCorr   .          Rampage  .    (no gloves)
Will    .....                    (no boots)
Stlth   +.........               (no amulet)
HPRegen 0.07/turn                j - +4 ring of protection
MPRegen 0.09/turn                (no ring)

@: no status effects
A: condensation shield
a: no special abilities


You were on level 2 of the Dungeon.
You visited 1 branch of the dungeon, and saw 2 of its levels.

You collected 58 gold pieces.

Inventory:

Hand Weapons
 a - a +1 sling (weapon)
Armour
 c - a +0 robe (worn)
Jewellery
 j - a +4 ring of protection (left hand)
Scrolls
 b - a scroll of poison
Potions
 e - a potion of degeneration
 f - a potion of curing
 g - a potion of brilliance {unknown}
 h - a potion of heal wounds {unknown}
 i - a potion of might {unknown}


   Skills:
 + Level 1.4 Fighting
 + Level 2.1 Ranged Weapons
 + Level 2.1 Dodging
 + Level 1.4 Spellcasting
 + Level 3.2 Hexes


You had 2 spell levels left.
You knew the following spells:

 Your Spells              Type           Power      Damage    Failure   Level
a - Slow                  Hex            40%        N/A       7%          1

Your spell library contained the following spells:

 Spells                   Type           Power      Damage    Failure   Level
 Inner Flame              Hex/Fire       5%         N/A       36%         3
 Portal Projectile        Hex/Tloc       10%        N/A       36%         3
 Cause Fear               Hex            5%         N/A       54%         4


Dungeon Overview and Level Annotations

Branches:
Dungeon (2/15)

Altars:


Innate Abilities, Weirdness & Mutations

A meltable shield of frost defends you. (SH +4)


Message History

The worm is severely wounded.
Fire: a) +1 sling
Press: ? - help, Q - select action, (/) - cycle Shift-Dir - straight line, f/p - worm
Aim: a worm (severely wounded, 76% to hit)
You shoot a sling bullet.
The sling bullet barely misses the worm.
The worm bites you.
Fire: a) +1 sling
Press: ? - help, Q - select action, (/) - cycle Shift-Dir - straight line, f/p - worm
Aim: a worm (severely wounded, 76% to hit)
You shoot a sling bullet.
The sling bullet barely misses the worm.
The worm bites you.
Fire: a) +1 sling
Press: ? - help, Q - select action, (/) - cycle Shift-Dir - straight line, f/p - worm
Aim: a worm (severely wounded, 76% to hit)
You shoot a sling bullet.
The sling bullet hits the worm but does no damage.
The worm is severely wounded.
The worm bites you.
* * * LOW HITPOINT WARNING * * *
Fire: a) +1 sling
Press: ? - help, Q - select action, (/) - cycle Shift-Dir - straight line, f/p - worm
Aim: a worm (heavily wounded, 76% to hit)
You shoot a sling bullet.
The sling bullet completely misses the worm.
Fire: a) +1 sling
Press: ? - help, Q - select action, (/) - cycle Shift-Dir - straight line, f/p - worm
Aim: a worm (heavily wounded, 76% to hit)
You shoot a sling bullet.
The sling bullet barely misses the worm.
The worm bites you.
* * * LOW HITPOINT WARNING * * *
Fire: a) +1 sling
Press: ? - help, Q - select action, (/) - cycle Shift-Dir - straight line, f/p - worm
Aim: a worm (heavily wounded, 76% to hit)
You shoot a sling bullet.
The sling bullet barely misses the worm.
The worm bites you.
You die...

##.#.## #
##.....#####
#...........
####...♣P...##
#......♣P..### #.
### ##.##...(.<###
.#..#..
#.##.........
.......##
##.####..>.###
#w@###..##.........
#.#...#.##.........
#.#####.##.........
#. #.##.......## #.
#.##.##...### #.
#.##.##...# # #.
#.##.###### # #.
#.....# ##
######..######.


You could see a worm.

Vanquished Creatures
  An adder (D:2)
  A dart slug (D:2)
  A ball python (D:2)
  2 bats (D:1)
  2 goblins (D:1)
  A quokka (D:2)
  6 rats
14 creatures vanquished.

Vanquished Creatures (others)
  3 plants (D:2)
3 creatures vanquished.

Grand Total: 17 creatures vanquished

Notes
Turn   | Place    | Note
-------+----------+-------------------------------------------
     0 | D:1      | frimble the Demonspawn Hexslinger began the quest for the
                  | Orb.
     0 | D:1      | Reached XP level 1. HP: 15/15 MP: 2/2
   781 | D:2      | Gained mutation: A meltable shield of frost defends you.
                  | (SH +4) [demonic ancestry]
   781 | D:2      | Reached XP level 2. HP: 21/21 MP: 3/3
   967 | D:2      | HP: 1/21 [worm (5)]
   968 | D:2      | Slain by a worm

Illustrated notes

Levels and vault maps discovered:
D:1:      beargit_arrival_greenhouse, layout_loops_cross
D:2:      layout_loops_ring, chequers_ecumenical_altar_lobes,
          serial_park_tiny_1, dk_noncrumbling_2, nrook_mini_backslash

Skill      XL: |  1  2 |
---------------+-------+-----
Dodging        | 2 |  2.1
Ranged Weapons | 2 |  2.1
Fighting       | |  1.4
Spellcasting   | |  1.4
Hexes          | |  3.2

Action                   || total
-------------------------++-------
 Fire: Sling             ||    67
 Cast: Slow              ||     2
  Use: Scroll            ||     2
Armor: Robe              ||     7
Dodge: Dodged            ||    33
Block: Other             ||     3

Table legend: (Time is in decaauts)
 A = Elapsed time spent in this place.
 B = Non-inter-level travel time spent in this place.
 C = Inter-level travel time spent in this place.
 D = Time resting spent in this place.
 E = Time spent auto-exploring this place.
 F = Levels seen in this place.
 G = Mean time per level.
                   A        B        C        D        E       F      G
               +--------+--------+--------+--------+--------+-----+--------+
         Total |    984 |    951 |     33 |      0 |    827 |   2 |  492.0 |
       Dungeon |    984 |    951 |     33 |      0 |    827 |   2 |  492.0 |
               +--------+--------+--------+--------+--------+-----+--------+

Top non-repeatable levels by time:
     D:1: 768 daAuts
     D:2: 216 daAuts
